 Dungeon Crawl Stone Soup version 0.19-a0-45-g2c295ea (webtiles) character file.

191 wvc the Cutter (level 5, -4/38 HPs)
             Began as a Mummy Wanderer on May 5, 2016.
             Was an Initiate of Okawaru.
             Killed themself with a badly aimed iceblast (14 damage)
             ... on level 3 of the Dungeon.
             The game lasted 00:05:19 (2339 turns).

wvc the Cutter (Mummy Wanderer)                     Turns: 2339, Time: 00:05:20

Health: -4/38      AC:  9    Str: 15    XL:     5   Next: 41%
Magic:  3/8        EV: 11    Int: 11    God:    Okawaru [......]
Gold:   115        SH:  0    Dex: 13    Spells: 0 memorised, 8 levels left

rFire  . . .     SeeInvis .     k - +2 dagger (speed)
rCold  . . .     Gourm    .     n - +0 ring mail
rNeg   + + +     Faith    .     (no shield)
rPois  ∞         Spirit   .     i - +0 helmet
rElec  .         Dismiss  .     (no cloak)
rCorr  .         Reflect  .     q - +0 pair of gloves
SustAt .         Harm     .     h - +0 pair of boots
MR     .....                    (no amulet)
Stlth  +.........               (no ring)
                                e - ring of fire

@: not resistant to hostile enchantments, very unstealthy
A: no food or potions, fire vulnerability, cold resistance 1, negative energy
resistance 3, torment resistance, unbreathing
a: Renounce Religion


You were on level 3 of the Dungeon.
You worshipped Okawaru.
Okawaru was noncommittal.
You were not hungry.

You visited 1 branch of the dungeon, and saw 3 of its levels.

You collected 115 gold pieces.

Inventory:

Hand Weapons
 b - a +0 hand crossbow
 k - a +2 dagger of speed (weapon)
Missiles
 c - 58 bolts
Armour
 h - a +0 pair of boots (worn)
 i - a +0 helmet (worn)
 n - a +0 ring mail (worn)
 q - a +0 pair of gloves (worn)
Jewellery
 e - a ring of fire (left hand)
Wands
 d - a wand of random effects (9/48)
Scrolls
 f - a scroll of fear
 g - a scroll of enchant armour
 j - a scroll of remove curse
 l - 3 scrolls of identify
 m - a scroll of teleportation
 o - a scroll of amnesia
 p - a scroll of magic mapping
Books
 a - a book of Necromancy

   Spells                             Type                      Level
   a - Pain                           Necromancy                   1
   b - Animate Skeleton               Necromancy                   1
   c - Vampiric Draining              Necromancy                   3
   d - Regeneration                   Charms/Necromancy            3
   e - Animate Dead                   Necromancy                   4
   f - Control Undead                 Necromancy                   4


   Skills:
 + Level 2.0 Fighting
 * Level 3.3 Short Blades
 - Level 1.0 Crossbows
 - Level 3.2 Armour
 + Level 1.6 Dodging
   Level 1.0 Shields
 - Level 2.0 Spellcasting
   Level 1.0 Necromancy
 - Level 1.0 Evocations


You had 8 spell levels left.
You didn't know any spells.

Dungeon Overview and Level Annotations

Branches:
Dungeon (3/15)

Altars:
Cheibriados
Dithmenos
Elyvilon
Okawaru
Pakellas
Qazlal

Annotations:
D:3 Crazy Yiuf


Innate Abilities, Weirdness & Mutations

You do not eat or drink.
Your flesh is vulnerable to fire.
You are immune to poison.
Your flesh is cold resistant.
You are immune to negative energy.
You are immune to unholy pain and torment.
You can survive without breathing.


Message History

Zapping:
d - a wand of random effects (10/48)
Press: ? - help, Shift-Dir - straight line, f/p - Crazy Yiuf
Aim: Crazy Yiuf, wielding a quarterstaff of chaos and wearing a runed cloak (fast)
You hear a mighty clap of thunder!
The bolt of lightning hits Crazy Yiuf.
Crazy Yiuf is lightly wounded.
This wand has 9 charges left.
Crazy Yiuf hits you with a quarterstaff of chaos.
You hit Crazy Yiuf but do no damage.
Crazy Yiuf is lightly wounded.
Crazy Yiuf hits you with a quarterstaff of chaos.
* * * LOW HITPOINT WARNING * * *
Evoke which item? (* to show all) (? for menu, Esc to quit)
Zapping:
d - a wand of random effects (9/48)
Press: ? - help, Shift-Dir - straight line, f/p - Crazy Yiuf
Aim: Crazy Yiuf, wielding a quarterstaff of chaos and wearing a runed cloak (lightly wounded, fast)
The mass of ice explodes!
The iceblast engulfs Crazy Yiuf.
Crazy Yiuf is moderately wounded.
The iceblast engulfs you!
You die...

## .. .########.
..........
..######.# ).# #.#
[.######.###♣♣♣♣♣
.........#.#..♣.♣♣♣
.######........♣@g♣
.#
##......♣♣♣♣.....#
.# #...#.♣♣ #..)#
.# #.###♣♣ ### .#
#.# # #.. ... ###


You could see Crazy Yiuf.

Vanquished Creatures
  A hound (D:3)
  Jessica (D:2)
  Robin (D:2)
  4 adders
  An ooze (D:2)
  A worm (D:2)
  2 dart slugs
  3 giant geckos
  An orc (D:3)
  7 bats
  7 giant cockroaches
  10 goblins
  9 hobgoblins
  3 jackals (D:2)
  A quokka (D:2)
  A giant gecko zombie (D:2)
  3 giant newts
  6 kobolds
  11 rats
73 creatures vanquished.

Notes
Turn   | Place    | Note
--------------------------------------------------------------
     0 | D:1      | wvc the Mummy Wanderer began the quest for the Orb.
     0 | D:1      | wvc set off with: a book of Necromancy, a +0 hand crossbow, 31 bolts, a wand of random effects (15/48), a +0 robe
     0 | D:1      | Reached XP level 1. HP: 13/13 MP: 3/3
   235 | D:1      | Reached skill level 1 in Short Blades
   254 | D:1      | Reached XP level 2. HP: 18/20 MP: 5/5
   782 | D:2      | Reached XP level 3. HP: 20/25 MP: 6/6
   937 | D:2      | Reached skill level 1 in Fighting
   991 | D:2      | Noticed Jessica
  1006 | D:2      | Killed Jessica
  1006 | D:2      | Reached skill level 1 in Dodging
  1006 | D:2      | Reached XP level 4. HP: 24/32 MP: 7/7
  1183 | D:2      | Found an iron altar of Okawaru.
  1240 | D:2      | Found a snail-covered altar of Cheibriados.
  1241 | D:2      | Found a shadowy altar of Dithmenos.
  1299 | D:2      | Noticed Robin
  1320 | D:2      | Killed Robin
  1612 | D:2      | Found a stormy altar of Qazlal.
  1733 | D:2      | Found an oddly glowing altar of Pakellas.
  2000 | D:2      | Found a white marble altar of Elyvilon.
  2008 | D:2      | Became a worshipper of Warmaster Okawaru
  2104 | D:3      | Reached XP level 5. HP: 33/38 MP: 8/8
  2331 | D:3      | Noticed Crazy Yiuf
  2339 | D:3      | Killed themself with a badly aimed iceblast

Vault maps used:
D:1:      lightli_arrival_maybe_door_vault
D:2:      grunt_pakellas_basics, nicolae_qazlal_eye_of_the_storm,
          nicolae_overflow_hidden_temple, uniq_robin, uniq_jessica
D:3:      lemuel_upstairs_altar, first_bread, minmay_joined_circles,
          uniq_crazy_yiuf_cottage

Skill      XL: |  1  2  3  4  5 |
---------------+----------------+-----
Short Blades   | 1 2 3 |  3.3
Fighting       | 1 2 |  2.0
Dodging        | 1 |  1.6
Crossbows      | |  1.0
Armour         | |  3.2
Shields        | |  1.0
Spellcasting   | |  2.0
Necromancy     | |  1.0
Evocations     | |  1.0

Action                   |  1- 3 |  4- 6 || total
-------------------------+-------+-------++-------
Melee: Dagger            |   181 |   177 ||   358
 Fire: Hand crossbow     |     3 |       ||     3
Evoke: Wand              |       |     6 ||     6
  Use: Scroll            |       |    11 ||    11
Armor: Chain mail        |    36 |       ||    36
       Robe              |     2 |       ||     2
       Ring mail         |    34 |    55 ||    89
Dodge: Dodged            |    66 |    57 ||   123
